[Event "73rd Greek Championship 2024"]
[Site "Thessaloniki"]
[Date "2024.12.09"]
[Round "8.1"]
[White "Patrelakis, Evaggelos"]
[Black "Kalogridis, Antonios"]
[Result "1/2-1/2"]
[Annotator "TA"]
[ECO "C42"]
[WhiteElo "2437"]
[BlackElo "2333"]
[PlyCount "60"]
[EventDate "2024.12.02"]
[EventType "tourn"]
[EventCountry "GRE"]
[SourceTitle "playchess.com"]
[Source "ChessBase"]
[SourceQuality "1"]
[TimeControl "40/5400+30:1800+30"]

1. e4 e5 2. Nf3 Nf6 3. Nxe5 d6 4. Nf3 Nxe4 5. Nc3 Nxc3 6. dxc3 Be7 7. Bf4 O-O 8. Qd2 Nd7 9. O-O-O Nf6 10. h4 Re8 11. Bd3 {[%emt 0:08:04] Inhibits Ne4.} d5 12. Rde1 c5 13. c4 {[%emt 0:05:46] [#]} (13. Bg5 $11) 13... b5 $1 $15 14. cxd5 Qxd5 15. Qa5 (15. c4 $15 bxc4 16. Bc2) 15... c4 $17 16. Be2 (16. Re5 $17 Qc6 17. Bf1 (17. Nd4 $2 Qd7 $19)) 16... Bf5 17. Ng5 {[%emt 0:00:30] Prevents Qe4.} (17. Be3 $17) 17... Bd8 $2 (17... Qxg2 18. Bf3 Qxf2 19. Re2 $15) (17... c3 $19 18. bxc3 Qxg2) 18. Qd2 $11 Qxd2+ (18... Qxg2 $2 {perishes.} 19. Bf3 $18) (18... c3 {keeps more tension.} 19. Qxd5 Nxd5 20. Bf3 cxb2+ 21. Kb1 Bxg5 22. Bxg5 Be6) 19. Bxd2 Bb6 20. Bf3 Rac8 21. Rxe8+ Rxe8 22. Bc6 Bd7 23. Bxd7 Nxd7 24. Re1 Rxe1+ 25. Bxe1 {[%emt 0:00:30][%mdl 4096] Endgame KBN-KBN} Nc5 26. Kd1 f6 27. Nf3 Ne4 28. Ke2 Kf7 29. Nd2 Nxd2 30. Bxd2 Ke6 1/2-1/2

[Event "73rd Greek Championship 2024"]
[Site "Thessaloniki"]
[Date "2024.12.09"]
[Round "8.2"]
[White "Stamatiou, Rodolfos"]
[Black "Hadzimanolis, Antonios"]
[Result "0-1"]
[Annotator "RC"]
[ECO "E04"]
[WhiteElo "2308"]
[BlackElo "2159"]
[PlyCount "118"]
[EventDate "2024.12.02"]
[EventType "tourn"]
[EventCountry "GRE"]
[SourceTitle "playchess.com"]
[Source "ChessBase"]
[SourceQuality "1"]
[TimeControl "40/5400+30:1800+30"]

1. d4 d5 2. Nf3 Nf6 3. c4 e6 4. g3 dxc4 5. Bg2 c5 6. O-O Nc6 7. dxc5 Qxd1 8. Rxd1 Bxc5 9. Nbd2 c3 10. bxc3 O-O 11. Nb3 Be7 12. Nfd4 Nxd4 13. cxd4 Nd5 14. Bd2 f5 15. Bxd5 exd5 16. Rac1 b6 17. Rc7 Bd8 18. Rc2 Ba6 19. Bb4 Re8 20. e3 Bf6 21. Nd2 Rac8 22. Rdc1 Rxc2 23. Rxc2 Rc8 24. Rxc8+ Bxc8 25. Kf1 g5 26. Bd6 Bd8 27. Ke2 Kf7 28. Kd3 Ke6 29. Bb8 a5 30. Nf3 Ba6+ 31. Kc2 Bc4 32. Kb2 b5 33. Ba7 g4 34. Ne1 Bf1 35. Bc5 Kd7 36. a3 Kc6 37. Kc3 h5 38. Nc2 h4 39. Bf8 h3 40. Na1 Bc4 41. Nc2 Bb6 42. Ne1 Be2 43. Kd2 Bf1 44. Nc2 Kd7 45. Bc5 Bc7 46. e4 fxe4 47. Ne3 Bc4 48. Nxg4 Ke6 49. Ne3 Bd8 50. Kc3 Bg5 51. Nxc4 bxc4 52. a4 Bd8 53. Kd2 Kf5 54. Ke2 Kg4 55. Bd6 c3 56. Bf4 Bg5 57. Bxg5 Kxg5 58. Kd1 Kg4 59. Kc2 Kf3 0-1

[Event "73rd Greek Championship 2024"]
[Site "Thessaloniki"]
[Date "2024.12.09"]
[Round "8.3"]
[White "Mitsis, Georgios"]
[Black "Kolytas, Spiridon"]
[Result "1-0"]
[Annotator "TA"]
[ECO "E11"]
[WhiteElo "2383"]
[BlackElo "1946"]
[PlyCount "83"]
[EventDate "2024.12.02"]
[EventType "tourn"]
[EventCountry "GRE"]
[SourceTitle "playchess.com"]
[Source "ChessBase"]
[SourceQuality "1"]
[TimeControl "40/5400+30:1800+30"]

1. d4 Nf6 2. Nf3 e6 3. c4 Bb4+ 4. Bd2 a5 5. g3 d6 6. Bg2 Nc6 7. Nc3 e5 8. d5 Ne7 9. O-O {[%emt 0:00:22] The position is equal.} O-O 10. Ne1 a4 11. e4 (11. Nxa4 $2 Bxd2 12. Qxd2 Rxa4 $19) 11... c6 12. Nd3 (12. Nxa4 $2 Bxd2 13. Qxd2 Rxa4 $19) 12... Ba5 13. Qe2 (13. Qxa4 Bxc3 14. Qxa8 Bxd2 $17) 13... cxd5 14. cxd5 (14. Nxa4 $2 Bxd2 (14... dxc4 $2 15. Bxa5 Qxa5 16. Nc3 $19) 15. b3 dxc4 16. Qxd2 cxd3 $19) 14... Ng6 15. f4 (15. a3 $14) 15... exf4 $1 $17 16. gxf4 Nh4 17. Nf2 {[%emt 0:00:30] [#]} (17. f5 $1 $11 {remains equal.}) 17... a3 18. b3 ({Better is} 18. Rab1) 18... Bb6 ({Black should play} 18... b5 {Hoping for ...Ba6.} 19. b4 Bxb4) 19. Be3 {[%emt 0:00:30] [#]} Ng4 20. Nxg4 $11 Bxg4 21. Qf2 (21. Bxb6 $1 $11 Qxb6+ 22. Qf2) 21... Bxe3 $17 22. Qxe3 Nxg2 23. Kxg2 Rc8 $1 24. Rac1 $1 Re8 25. Qg3 (25. Nb5 $11 {keeps the balance.}) 25... Bd7 $1 26. Rfe1 Qa5 (26... b5 $17 {White must now prevent ...b4.} 27. e5 Bf5 28. Nxb5 Rxc1 29. Rxc1 dxe5) 27. e5 {[%emt 0:00:30] [#]} (27. f5 $1 $11) 27... Qb4 ({Black should try} 27... Rc5 $1 $17 {And now ...dxe5 would win.} 28. Kh1 Rec8) 28. Re3 Bf5 29. Rce1 Qd4 (29... g6 $17) 30. Qf3 {[%emt 0:00:30] Nb5 is the strong threat.} (30. Kf1 {simplifies} Qc5 31. exd6 Rxe3 32. Qxe3 Qxd6 33. Qe8+) 30... dxe5 31. fxe5 Bg4 $132 {[%emt 0:00:30][%mdl 2048] Black is not keeping still} 32. Qg3 Bf5 {[%emt 0:00:30] Wards off Rd3} 33. Rd1 Qb4 34. Rf1 (34. h3 $5) 34... Bg6 (34... Rxc3 $1 $11 35. Rxc3 Be4+ 36. Kg1 Bxd5) 35. d6 $14 Red8 (35... Re6 $1 $14) 36. Kg1 {[%emt 0:00:30] White is more active.} (36. Rf4 $142 Qc5 37. Qf2) 36... Rc5 37. Rd1 Qa5 $2 {[%emt 0:00:30] [#] A mistake that costs the game.} (37... Bf5 $16 {is a better defense.}) 38. Qh4 $1 $18 {[%emt 0:00:30] Threatens to win with b4.} Rxc3 $2 (38... Qb6 39. Na4 (39. Nd5 $2 Rxd5 40. Rde1 Rd2 $19) 39... Rc4) 39. Rxc3 f6 $2 (39... h6 40. b4 Qb6+ 41. Qd4 Qb5) 40. Qc4+ {[%emt 0:00:30] White is clearly winning.} Kh8 41. Qc7 Qa7+ 42. Rc5 {[%emt 0:00:30] Weighted Error Value: White=0.36/Black=0.38.  Loses game:     	---       	Black=1      Mistake:       	White=7     	Black=10     Inaccurate:     	White=2     	Black=6      OK:         	White=9     	Black=5      Best:        	White=1     	Black=1      Strong:       	White=2     	Black=3} 1-0

[Event "73rd Greek Championship 2024"]
[Site "Thessaloniki"]
[Date "2024.12.09"]
[Round "8.4"]
[White "Kourkoulos-Arditis, Stamatis"]
[Black "Alexiadis, Hristos"]
[Result "1/2-1/2"]
[Annotator "TA"]
[ECO "B92"]
[WhiteElo "2575"]
[BlackElo "2341"]
[PlyCount "91"]
[EventDate "2024.12.02"]
[EventType "tourn"]
[EventCountry "GRE"]
[SourceTitle "playchess.com"]
[Source "ChessBase"]
[SourceQuality "1"]
[TimeControl "40/5400+30:1800+30"]

1. e4 c5 2. Nf3 d6 3. d4 cxd4 4. Nxd4 Nf6 5. Nc3 a6 6. Be2 e5 7. Nb3 Be7 8. Be3 Be6 9. O-O O-O 10. Bf3 Nbd7 11. a4 Qc7 12. Re1 h6 13. h3 Rfc8 14. a5 b5 15. axb6 Nxb6 16. Na5 Nc4 17. Nxc4 Bxc4 18. Bd2 Be6 19. b3 Nd7 20. Ra2 Bg5 (20... Qb7 $14 {is superior.}) 21. Bxg5 $16 hxg5 22. Re3 g6 ({Black should try} 22... Nc5 $14) 23. Bg4 f5 $2 {[%emt 0:00:30] [#]} (23... Nc5 $16) 24. Bf3 (24. Nd5 Qd8 $18) (24. exf5 $18 {and White stays clearly on top.} gxf5 25. Nd5) 24... f4 25. Rd3 Nc5 26. Rxd6 Bf7 27. Bg4 Rd8 (27... Re8 {might work better.} 28. Ra1 Nb7) 28. Rxd8+ $18 Rxd8 29. Qe1 Rd4 30. Ra1 {[%emt 0:00:30][%cal Ob3b4,Ba2a1,Ba1d1,Bd1d4][%mdl 32] Hoping for b4!} Qb6 (30... Qd6 $142 31. Kh2 Kh8) 31. Bf3 a5 $2 (31... Kh7 32. Nd5 Bxd5 33. exd5 e4) 32. Ne2 (32. Nd5 $142 Qd6 33. Qxa5 (33. Rxa5 Nxe4 34. Bxe4 Bxd5 $18) 33... Nxe4 34. Nc7 (34. Bxe4 Bxd5 35. Bd3 Bxb3 $18)) 32... Rb4 33. Rd1 a4 34. bxa4 Rxa4 35. Qc3 (35. Nc3 {simplifies} Ra3 36. Nd5 Qa5 37. Qxa5 Rxa5 38. Ne7+) 35... Nxe4 (35... Qc7 $16) 36. Qxe5 Nxf2 (36... Qf6 {was called for.} 37. Qb5 Ra1) 37. Rd4 Nd1 {[%emt 0:00:30][%cal Od1e3] [#]} 38. Kh2 $2 (38. Bd5 $1 $18 {White wants to mate with Qe8+.} Ra7 39. Kh2 (39. Qxg5 Ne3 $14) (39. Qe8+ Kg7 $18)) 38... Rxd4 $1 $11 {[%emt 0:00:30] The position is equal.} 39. Qxd4 (39. Nxd4 {feels hotter.} Ne3 40. Be2 Qb2 41. Qd6) 39... Qxd4 40. Nxd4 {[%emt 0:00:30][%mdl 4096] Endgame. KBN-KBN} Ne3 41. Kg1 Kg7 42. Kf2 Kf6 43. g3 Bc4 44. Be2 Bd5 45. Bf3 Bc4 46. Be2 {[%emt 0:00:30] Black defended with fortune.   Weighted Error Value: White=0.39/Black=0.38.  Loses game:     	---       	Black=1      Missed win:     	White=2     	---        Mistake:       	White=1     	Black=7      Inaccurate:     	White=1     	---        OK:         	White=14    	Black=5      Best:        	White=2     	Black=1      Strong:       	---       	Black=1} 1/2-1/2

[Event "73rd Greek Championship 2024"]
[Site "Thessaloniki"]
[Date "2024.12.09"]
[Round "8.5"]
[White "Alexakis, Dimitris"]
[Black "Tsaknakis, Zisis"]
[Result "1-0"]
[Annotator "RC"]
[ECO "C48"]
[WhiteElo "2520"]
[BlackElo "2259"]
[PlyCount "103"]
[EventDate "2024.12.02"]
[EventType "tourn"]
[EventCountry "GRE"]
[SourceTitle "playchess.com"]
[Source "ChessBase"]
[SourceQuality "1"]
[TimeControl "40/5400+30:1800+30"]

1. e4 e5 2. Nf3 Nc6 3. Nc3 Nf6 4. Bb5 Nd4 5. O-O Nxb5 6. Nxb5 c6 7. Nc3 d6 8. d4 Qc7 9. h3 h6 10. a4 Be7 11. b3 g5 12. Nh2 Rg8 13. a5 g4 14. hxg4 Nxg4 15. d5 c5 16. f4 c4 17. b4 Nxh2 18. Kxh2 Bg4 19. Qe1 Bf6 20. Ra3 Qe7 21. Qf2 Bh4 22. g3 Bf3 23. Qxf3 Bxg3+ 24. Qxg3 Rxg3 25. Kxg3 f5 26. Ne2 O-O-O 27. Kf2 Rg8 28. Rg3 Rf8 29. Rfg1 Qh4 30. Ke3 fxe4 31. fxe5 dxe5 32. Kd2 Qd8 33. Ke1 h5 34. Rh1 Qxd5 35. Rxh5 Qf7 36. Rh2 Qf1+ 37. Kd2 Rd8+ 38. Kc3 Qe1+ 39. Kxc4 Rd4+ 40. Nxd4 Qxg3 41. Rh8+ Kd7 42. Rh7+ Kc8 43. Ne6 e3 44. Rc7+ Kb8 45. Rg7 Qh4+ 46. Kd5 Kc8 47. Bxe3 Qh1+ 48. Kd6 Qd1+ 49. Ke7 b5 50. Rg8+ Kb7 51. a6+ Kxa6 52. Rb8 1-0

[Event "73rd Greek Championship 2024"]
[Site "Thessaloniki"]
[Date "2024.12.10"]
[Round "9.1"]
[White "Tsaknakis, Zisis"]
[Black "Patrelakis, Evaggelos"]
[Result "0-1"]
[Annotator "TA"]
[ECO "B12"]
[WhiteElo "2259"]
[BlackElo "2437"]
[PlyCount "120"]
[EventDate "2024.12.02"]
[EventType "tourn"]
[EventCountry "GRE"]
[SourceTitle "playchess.com"]
[Source "ChessBase"]
[SourceQuality "1"]
[TimeControl "40/5400+30:1800+30"]

1. e4 c6 2. d4 d5 3. e5 Bf5 4. h4 a6 5. c4 dxc4 6. Bxc4 e6 7. Nc3 {[%emt 0:04:31] and g4 would now be decisive} h6 8. Nge2 Ne7 9. Be3 Nd7 10. Ng3 Bh7 11. Qg4 Nb6 12. Bb3 Nbd5 13. Rd1 a5 14. Nge4 (14. O-O $14) 14... Nf5 15. Nxd5 exd5 16. Nc3 Be7 17. Bc1 O-O (17... Bxh4 $2 18. Bc2 $18) 18. Bc2 Qc8 19. Rh3 (19. Qe2 $11) 19... f6 $17 (19... Kh8 {simplifies} 20. Qe2 Nxh4 21. Kf1 Bxc2 22. Qxc2 g5) 20. e6 Qxe6+ 21. Re3 Qc8 (21... Nxe3 $2 22. Qxe6+ Kh8 23. Bxe3 $18 (23. Qxe3 Bxc2 24. Kd2 Bxd1 $18)) 22. Rf3 Nd6 23. Bxh7+ Kxh7 24. Qh5 Qe8 25. Qg4 (25. Qxe8 $17 Rfxe8 (25... Raxe8 26. h5 $17) 26. Kf1) 25... f5 $19 26. Qh3 Qh5 27. Re3 Qxh4 (27... Bxh4 28. g3 $11) 28. Qxh4 Bxh4 29. Rh3 Bf6 30. Bf4 Rae8+ 31. Kf1 Ne4 32. Ne2 g5 33. Bc7 Bd8 34. Be5 Kg6 35. Rb3 Rf7 36. f3 Nf6 37. Nc1 Nd7 38. Nd3 c5 39. Rb5 (39. Rxb7 $2 c4 40. Rxd7 Rxd7 $19) 39... c4 40. Nc1 (40. Nc5 $142 Nxe5 41. dxe5 Rxe5 42. Nxb7) 40... Nxe5 41. dxe5 Rxe5 42. Ne2 Rd7 43. Nc3 Kf7 44. Nxd5 {[%emt 0:02:51] [#]} b6 $1 45. g3 Rd6 {[%emt 0:02:06] ...Ke6 would now be deadly.} (45... Ke6 46. Nf4+ gxf4 (46... Kf6 47. Nh5+ Kg6 48. Rxd7 $16) 47. Rxe5+ Kxe5 48. Rxd7 $16) 46. f4 gxf4 47. gxf4 Re4 48. Re1 Rd4 49. Re5 Kg6 50. Ne3 (50. Kf2 {was called for.}) 50... Rxf4+ 51. Ke2 Bf6 52. Rxf5 Rxf5 53. Nxf5 {[%emt 0:00:02][%mdl 4096] Endgame KRB-KRN. Black is two pawns up.} Re6+ 54. Kf3 Re5 55. Nh4+ Kh5 ({Inferior is} 55... Bxh4 56. Rxe5 Bf6 57. Rb5 $14) 56. Rxb6 Bxh4 57. Rc6 Rf5+ 58. Ke3 Bg5+ 59. Kd4 Rf2 60. Rb6 {[%emt 0:00:33] [#]} Rxb2 $3 0-1

[Event "73rd Greek Championship 2024"]
[Site "Thessaloniki"]
[Date "2024.12.10"]
[Round "9.2"]
[White "Alexiadis, Hristos"]
[Black "Alexakis, Dimitris"]
[Result "1/2-1/2"]
[Annotator "TA"]
[ECO "D38"]
[WhiteElo "2341"]
[BlackElo "2520"]
[PlyCount "36"]
[EventDate "2024.12.02"]
[EventType "tourn"]
[EventCountry "GRE"]
[SourceTitle "playchess.com"]
[Source "ChessBase"]
[SourceQuality "1"]
[TimeControl "40/5400+30:1800+30"]

1. d4 Nf6 2. c4 e6 3. Nf3 Bb4+ 4. Nc3 d5 5. Bg5 h6 6. Bxf6 Qxf6 7. e3 O-O 8. Rc1 dxc4 9. Bxc4 c5 10. O-O cxd4 11. Nxd4 Bd7 12. Qb3 Nc6 13. Nxc6 Bxc3 14. Rxc3 Bxc6 15. Bb5 Bd5 16. Bc4 Bc6 17. Bb5 Bd5 18. Bc4 Bc6 1/2-1/2

[Event "73rd Greek Championship 2024"]
[Site "Thessaloniki"]
[Date "2024.12.10"]
[Round "9.3"]
[White "Kolytas, Spiridon"]
[Black "Kourkoulos-Arditis, Stamatis"]
[Result "0-1"]
[Annotator "TA"]
[ECO "B07"]
[WhiteElo "1946"]
[BlackElo "2575"]
[PlyCount "74"]
[EventDate "2024.12.02"]
[EventType "tourn"]
[EventCountry "GRE"]
[SourceTitle "playchess.com"]
[Source "ChessBase"]
[SourceQuality "1"]
[TimeControl "40/5400+30:1800+30"]

1. d4 Nf6 2. Nf3 g6 3. Nbd2 Bg7 4. e4 d6 5. Bb5+ c6 6. Bd3 O-O 7. O-O Nbd7 8. c3 {[%emt 0:03:14] The position is equal.} Qc7 9. a4 e5 10. dxe5 dxe5 11. b4 b6 12. Re1 a6 (12... Rd8 $11 {might be stronger.}) 13. Bf1 (13. a5 $16) 13... Bb7 14. Nc4 Rad8 (14... c5 $5) 15. Nfd2 Rfe8 16. Qc2 Nf8 17. f3 Ne6 18. Nb3 b5 19. Nca5 Bc8 20. Be3 Nf4 (20... Bd7 $16) 21. Nc5 (21. axb5 $18 cxb5 22. c4) 21... h5 $2 (21... Nd7 $16) 22. c4 $18 bxa4 23. Nxa4 Rd4 24. Bxd4 exd4 25. c5 ({White should play} 25. Qd2 $18) 25... h4 26. Nc4 {[%emt 0:02:44] Strongly threatening Nd6.} N6h5 27. Nd6 $2 (27. Nab2 $16) 27... d3 $1 $15 {[%emt 0:06:36][%mdl 1024] Black has compensation. Chess con chili.} 28. Qf2 {[%emt 0:10:23][%mdl 8192] [#]} (28. Nxe8 $2 Bd4+ $19) (28. Bxd3 $11 Bd4+ 29. Kf1 (29. Kh1 Ng3+ 30. hxg3 hxg3 $19)) 28... Qd8 $1 $19 {[%emt 0:00:46][%cal Od8g5] Threatens to win with ...Qg5!} 29. Ra2 {[%emt 0:07:35][%cal Of2e3] [#]} (29. Nxe8 Bd4 30. Rab1 Bxf2+ 31. Kxf2 d2 $19 (31... Qxe8 $2 32. Nb6 $19)) 29... Qg5 $1 {[%emt 0:05:23] aiming for ...Nh3+.} 30. Qe3 {[%emt 0:00:06] [#]} (30. Nxe8 $2 {is the wrong capture.} Nh3+ 31. Kh1 Nxf2+ 32. Rxf2 Bd4 $19) 30... Rf8 (30... Be6 $1 $19 31. Rd2 (31. Nxe8 $2 {loses.} Bxa2 32. Nxg7 d2 $19) 31... Rb8) 31. Nb6 $2 (31. Bxd3 $11 {and White has nothing to worry.} Bh6 32. Nxc8 Rxc8 33. Kf1 (33. Bxa6 Ra8 $11)) 31... Be6 {[%emt 0:00:33] Black is clearly winning.} 32. Nbc4 Bc3 {[%emt 0:06:54][%csl LRb4,LRe1] A strong pair of Bishops.} 33. Rb2 (33. e5 $142 Rd8 (33... Bxb4 $2 34. Rea1 $19) 34. Ne4 Nh3+ 35. Kh1 Qxe3 36. Rxe3) 33... Bxc4 34. Nxc4 Bxb2 ({Weaker is} 34... Bxe1 35. Qxe1 Rd8 36. Rd2 $17) 35. Nxb2 {[%emt 0:00:11] [#]} d2 $1 36. Re2 (36. Kf2 dxe1=N) 36... Rd8 37. Nd1 Rd3 {[%emt 0:00:18] Weighted Error Value: White=0.86/Black=0.52.  Loses game:     	White=2     	---        Missed win:     	---       	Black=1      Mistake:       	White=5     	Black=3      Inaccurate:     	White=2     	Black=3      OK:         	White=7     	Black=6      Best:        	White=2     	Black=1      Strong:       	---       	Black=1} 0-1

[Event "73rd Greek Championship 2024"]
[Site "Thessaloniki"]
[Date "2024.12.10"]
[Round "9.4"]
[White "Hadzimanolis, Antonios"]
[Black "Mitsis, Georgios"]
[Result "1/2-1/2"]
[Annotator "TA"]
[ECO "D38"]
[WhiteElo "2159"]
[BlackElo "2383"]
[PlyCount "47"]
[EventDate "2024.12.02"]
[EventType "tourn"]
[EventCountry "GRE"]
[SourceTitle "playchess.com"]
[Source "ChessBase"]
[SourceQuality "1"]
[TimeControl "40/5400+30:1800+30"]

1. d4 Nf6 2. c4 e6 3. Nf3 d5 4. Nc3 Bb4 5. Qa4+ Nc6 6. e3 O-O 7. Be2 a6 8. Qc2 dxc4 9. Bxc4 Bd6 10. a3 e5 11. d5 Ne7 12. O-O Bg4 13. e4 ({White should play} 13. Nd2 $11) 13... Bxf3 $15 14. gxf3 Qd7 15. Kh1 Qh3 16. Rg1 {[%emt 0:01:19] Against Ng6} Nh5 17. Qd1 Ng6 (17... Nf4 {feels hotter.} 18. Be3 Qh5 19. Rc1 Rad8) 18. Bf1 Qd7 19. Ne2 Nh4 20. Rg5 Nf6 21. Rg3 Nh5 22. Rg5 Nf6 23. Rg3 Nh5 24. Rg5 1/2-1/2

[Event "73rd Greek Championship 2024"]
[Site "Thessaloniki"]
[Date "2024.12.10"]
[Round "9.5"]
[White "Kalogridis, Antonios"]
[Black "Stamatiou, Rodolfos"]
[Result "1-0"]
[Annotator "TA"]
[ECO "D31"]
[WhiteElo "2333"]
[BlackElo "2308"]
[PlyCount "95"]
[EventDate "2024.12.02"]
[EventType "tourn"]
[EventCountry "GRE"]
[SourceTitle "playchess.com"]
[Source "ChessBase"]
[SourceQuality "1"]
[TimeControl "40/5400+30:1800+30"]

1. d4 d5 2. c4 e6 3. Nc3 h6 4. cxd5 exd5 5. Bf4 Nf6 6. e3 Bd6 7. Bxd6 Qxd6 8. Bd3 O-O 9. Nge2 c6 10. O-O Re8 11. Ng3 Nbd7 12. Nf5 Qf8 13. Qf3 g6 14. Ng3 Kg7 15. h4 h5 16. Qf4 Nb6 17. Rae1 Be6 18. Qg5 Rad8 19. Nce2 Nh7 20. Qf4 (20. Nxh5+ $14 Kh8 21. Qe5+ f6 22. Nxf6 (22. Qc7 Re7 $17) 22... Qxf6 23. Qxf6+ Nxf6 24. Bxg6) 20... Nc8 21. f3 Qd6 22. Qxd6 Nxd6 23. b3 Nf8 24. Nf4 Bd7 25. e4 dxe4 26. fxe4 Bg4 27. e5 Nc8 28. Bc4 b5 (28... Rxd4 $15 29. Bxf7 Re7) 29. Bxf7 (29. Nfxh5+ Bxh5 30. Nxh5+ (30. Bxf7 Re7 $15) (30. Rxf7+ $2 Kg8 $19) 30... gxh5 $15) (29. Be2 $5) 29... Kxf7 (29... Re7 $5 30. e6 Nd6 $14) 30. Nfxh5+ Ke7 31. Nf6 Rxd4 $1 32. Nxe8 (32. Re4 $5 Rxe4 33. Ngxe4 $14) 32... Kxe8 33. Rf6 Ne7 (33... c5 $11 {was preferable.}) 34. Rd6 $1 $14 Rf4 (34... Ne6 $2 35. Rxd4 Nxd4 36. Re4 Nxb3 37. Rxg4 $18) 35. Ne4 Bf5 36. Nf6+ Kf7 37. g3 Rf3 $1 38. Kg2 $1 Rc3 39. g4 Be6 ({Black should play} 39... Bd3) 40. Rf1 $1 $16 Kg7 (40... Rc2+ 41. Kg1 Nc8 42. Nd7+ Ke7 43. Nxf8) 41. Rd8 Nd5 42. Kg1 Nxf6 $2 (42... Ne3 $16) 43. Rxf6 $18 Bf7 {[%emt 0:00:41] [#]} 44. h5 $1 Rh3 (44... Rg3+ 45. Kf2 Rxg4 46. h6+ (46. Rxc6 gxh5 47. Ra8 Re4 $17) 46... Kxh6 47. Rxf7 $18 (47. Rxf8 Bd5 $16)) (44... gxh5 {might work better.} 45. gxh5 Bxh5) 45. Kg2 $18 (45. Rxc6 gxh5 46. gxh5 Rxh5 $17) 45... Rh4 46. Kg3 (46. Rxc6 Rxg4+ (46... gxh5 47. gxh5 Rxh5 48. Kg3 $11) 47. Kf2 gxh5 $17) 46... Rh1 {[%emt 0:00:21] [#]} 47. Rxf8 $1 ({Inferior is} 47. Rxc6 gxh5 48. Rdd6 h4+ (48... Rg1+ 49. Kf2 $17) 49. Kf2 Rh2+ 50. Ke3 Rh1 $11 (50... Rxa2 51. Rc7 $11)) 47... Kxf8 48. hxg6 1-0